 Dungeon Crawl Stone Soup version 0.25-b1-23-ge2ad7d536c (webtiles) character file.

Game seed: 15969432997090101874, levelgen mode: deterministic

28 Esekla the Skirmisher (level 3, 0/34 HPs)
             Began as a Naga Abyssal Knight on June 1, 2020.
             Was an Initiate of Lugonu.
             Slain by a rat (1 damage)
             ... on level 2 of the Dungeon.
             The game lasted 00:04:52 (920 turns).

Esekla the Skirmisher (Naga Abyssal Knight)          Turns: 920, Time: 00:04:53

Health: 0/34       AC:  2    Str: 14    XL:     3   Next: 14%
Magic:  4/4        EV:  9    Int: 12    God:    Lugonu [......]
Gold:   8          SH:  0    Dex: 11    Spells: 2/2 levels left

rFire    . . .     SeeInvis +   a - +1 falchion
rCold    . . .     Gourm    .   (no shield)
rNeg     . . .     Faith    .   b - +0 leather armour
rPois    +         Spirit   .   (no helmet)
rElec    .         Reflect  .   (no cloak)
rCorr    .         Harm     .   (no gloves)
MR       .....                  (no barding)
Stlth    +.........             (no amulet)
HPRegen  0.11/turn              (no ring)
MPRegen  0.09/turn              (no ring)

@: very slow
A: large, see invisible, deformed body, poison resistance, slowness 2, slow
metabolism 1, spit poison 1, AC +1
a: Spit Poison, Renounce Religion


You were on level 2 of the Dungeon.
You worshipped Lugonu.
Lugonu was noncommittal.
You were not hungry.

You visited 1 branch of the dungeon, and saw 2 of its levels.
You visited the Abyss 1 time.

You collected 8 gold pieces.

Inventory:

Hand Weapons
 a - a +1 falchion (weapon)
Armour
 b - a +0 leather armour (worn)
Scrolls
 d - 2 scrolls of fog {unknown}
 f - 2 scrolls of remove curse {unknown}
 h - 3 scrolls of identify {unknown}
 i - a scroll of magic mapping {unknown}
 j - 2 scrolls of teleportation {unknown}
 l - 3 scrolls of noise {unknown}
Potions
 e - a potion of might {unknown}
 g - a potion of degeneration {unknown}
 k - a potion of flight {unknown}
Comestibles
 c - 4 rations


   Skills:
 + Level 3.6 Fighting
 + Level 2.7 Long Blades
 + Level 1.6 Armour
 + Level 0.8 Dodging
 + Level 2.0 Invocations


You had 2 spell levels left.
You didn't know any spells.
Your spell library was empty.

Dungeon Overview and Level Annotations

Branches:
Dungeon (2/15)

Altars:


Innate Abilities, Weirdness & Mutations

You cannot wear boots.
Your serpentine skin is tough. (AC +1)
You have supernaturally acute eyesight. (SInv)
Armour fits poorly on your strangely shaped body.
Your system is resistant to poisons. (rPois)
You cover ground very slowly.
You have a slow metabolism.
You can spit poison.


Message History

You barely miss the adder.
The adder is severely wounded.
The bat hits you but does no damage. The adder misses you. The goblin hits you.
* * * LOW HITPOINT WARNING * * *
The rat bites you but does no damage. The adder closely misses you.
The goblin hits you but does no damage.
You hit the adder.
You kill the adder!
Lugonu accepts your kill.
You have reached level 3!
Your experience leads to an increase in your attributes!
Increase (S)trength, (I)ntelligence, or (D)exterity?
You feel agile.
Your skin feels tougher.
The bat hits you but does no damage. The rat bites you but does no damage.
The goblin hits you.
* * * LOW HITPOINT WARNING * * *
The bat hits you but does no damage. The goblin hits you.
* * * LOW HITPOINT WARNING * * *
The rat bites you.
You die...

.........# #.........#
#........!#
######.........#
#..............#
#...............
#g............(.
.########gr...†........(
.......@rlbg.......†...#
############[#.........#
..[............#
........########
..r......# .........#
.........# ........#
........#


You could see a leopard gecko, a hobgoblin, a goblin, a bat and 2 rats.

Vanquished Creatures
  An adder (D:2)
  A dart slug (D:1)
  2 bats (D:1)
  A giant cockroach (D:1)
  2 hobgoblins (D:1)
  3 jackals (D:1)
  4 kobolds
  A frilled lizard (D:1)
  3 rats
18 creatures vanquished.

Notes
Turn   | Place    | Note
-------+----------+-------------------------------------------
     0 | Abyss:1  | Esekla the Naga Abyssal Knight began the quest for the Orb.
     0 | Abyss:1  | Reached XP level 1. HP: 21/21 MP: 2/2
    28 | Abyss:1  | Noticed a large abomination
    82 | Abyss:1  | Found a corrupted altar of Lugonu.
   124 | Abyss:1  | Found a corrupted altar of Lugonu.
   125 | Abyss:1  | Noticed a large abomination
   130 | D:1      | Escaped the Abyss
   402 | D:1      | Reached XP level 2. HP: 23/28 MP: 3/3
   918 | D:2      | Reached XP level 3. HP: 5/34 MP: 4/4
   919 | D:2      | HP: 1/34 [goblin (3)]
   920 | D:2      | Slain by a rat

Illustrated notes

Levels and vault maps discovered:
D:1:      psy_arrival_spokes, layout_loops_ring
D:2:      layout_basic, uniq_natasha

Action                   || total
-------------------------++-------
Melee: Falchion          ||    50
Invok: Depart the Abyss  ||     1
 Abil: Spit Poison       ||     2
Armor: Leather armour    ||    37
Dodge: Dodged            ||    43
       Rpst.: Falchion   ||    14
